 Dungeon Crawl Stone Soup version 0.31-a0-216-g22e908daa7 (webtiles) character file.

Game seed: 5095654404398241560

12460 qw the Cleaver (level 11, -7/72 HPs)
             Began as a Gargoyle Fighter on July 2, 2023.
             Was a Believer of Okawaru.
             Mangled by a seven-headed hydra (12 damage)
             ... on level 1 of the Lair of Beasts.
             The game lasted 00:04:50 (10044 turns).

qw the Cleaver (Gargoyle Fighter)                  Turns: 10044, Time: 00:04:51

Health: -7/72      AC: 23    Str: 25    XL:     11   Next: 93%
Magic:  12/14      EV:  9    Int:  8    God:    Okawaru [**....]
Gold:   1003       SH:  0    Dex:  9    Spells: 10/10 levels left

rFire   + + .        y - +0 flail
rCold   . . .        (no shield)
rNeg    + . .        z - +0 plate armour
rPois   inf          (no helmet)
rElec   +            (no cloak)
rCorr   .            (no gloves)
SInv    .            (no boots)
Will    .....        (no amulet) Stlth
                     t - ring of protection from fire
HPRegen 0.32/turn    p - ring of protection from fire
MPRegen 0.14/turn

%: no passive effects
@: heroic
A: sickness immunity, AC +8, negative energy resistance 1, electricity
resistance, torment resistance 1, petrification resistance
a: Renounce Religion, Heroism


You were on level 1 of the Lair of Beasts.
You worshipped Okawaru.
Okawaru was pleased with you.
You visited 3 branches of the dungeon, and saw 12 of its levels.
You also visited: Sewer.

You collected 1086 gold pieces.
You spent 83 gold pieces at shops.


Innate Abilities, Weirdness & Mutations

You are immune to sickness and miasma.
Your stone body is resilient. (AC +8)
You are immune to poison.
You resist negative energy. (rN+)
You are resistant to electric shocks. (rElec)
You are resistant to unholy torment.
You are immune to petrification.


   Skills:
 - Level 10.2(15.2) Fighting
 - Level 13.0(18.0) Axes
 + Level 3.6(8.6) Throwing
 - Level 7.4(12.4) Armour
 - Level 2.0(7.0) Dodging
 - Level 3.2(8.2) Shields
 - Level 4.0 Invocations


You had 10 spell levels left.
You didn't know any spells.
Your spell library was empty.

Inventory:

Hand Weapons
 g - a +0 spectral war axe
 y - a +0 flail (weapon)
Missiles
 k - 10 boomerangs (quivered)
 E - a javelin
Armour
 c - a +0 buckler
 f - a +2 helmet
 h - a +0 helmet
 i - +0 acid dragon scales
 m - a +0 kite shield
 q - a +2 helmet
 s - a +2 pair of boots
 x - a +0 chain mail of fire resistance
 z - a +0 plate armour (worn)
 D - a +1 pair of boots
Jewellery
 l - a ring of positive energy
 p - a ring of protection from fire (right hand)
 t - a ring of protection from fire (left hand)
 v - an amulet of guardian spirit
Wands
 A - a wand of digging (2)
Scrolls
 e - a scroll of brand weapon
 n - a scroll of identify
Potions
 a - 5 potions of lignification
 b - 2 potions of attraction
 d - 4 potions of might
 j - a potion of mutation
 o - a potion of curing
 r - 3 potions of haste
 u - a potion of invisibility {unknown}
 w - a potion of cancellation
 C - a potion of heal wounds {unknown}

Dungeon Overview and Level Annotations

Branches:
Dungeon (10/15)            Temple (1/1) D:6            Lair (1/5) D:8
  Sewer (visited)
    Orc: D:9-12

Altars:
Ashenzari
Cheibriados
Dithmenos
Elyvilon
Fedhas
Gozag
Hepliaklqana
Kikubaaqudgha
Makhleb
Nemelex Xobeh
Okawaru
Qazlal
Ru
Sif Muna
Trog
Uskayaw
Vehumet
Wu Jian
Xom
Yredelemnul
Zin
The Shining One

Shops:
D:1 *   D:3 (

Annotations:
D:3 1 runed translucent door, qw's ghost, amateur MiHs


Message History

Enter note:
10039 ||| INVOKING Heroism.
You gain the combat prowess of a mighty hero.
The seven-headed hydra closely misses you.
The seven-headed hydra bites you but does no damage. x2
The seven-headed hydra barely misses you.
The seven-headed hydra bites you. The seven-headed hydra bites you!
The seven-headed hydra bites you but does no damage.
10040 ||| SWAPPING to +0 flail.
y - a +0 flail (weapon)
The seven-headed hydra bites you!
The seven-headed hydra bites you but does no damage.
The seven-headed hydra misses you.
The seven-headed hydra bites you but does no damage. x3
The seven-headed hydra bites you.
You sock the seven-headed hydra!
The seven-headed hydra is lightly wounded.
The seven-headed hydra barely misses you.
The seven-headed hydra bites you!
The seven-headed hydra bites you but does no damage.
The seven-headed hydra barely misses you.
The seven-headed hydra bites you.
The seven-headed hydra barely misses you.
The seven-headed hydra bites you!
You thump the seven-headed hydra!
The seven-headed hydra is moderately wounded.
You thump the seven-headed hydra! You punch the seven-headed hydra!
The seven-headed hydra is heavily wounded.
The seven-headed hydra bites you but does no damage.
The seven-headed hydra barely misses you.
The seven-headed hydra bites you but does no damage.
The seven-headed hydra bites you.
The seven-headed hydra bites you but does no damage.
The seven-headed hydra bites you!
The seven-headed hydra bites you but does no damage.
You bludgeon the seven-headed hydra!!
The seven-headed hydra is almost dead.
The seven-headed hydra bites you but does no damage. x2
The seven-headed hydra bites you!
You die...

~~~~~~~.~~~~~......
...P~~~.~~~~~~..... #
PP~~~.P.~~~~~~~....
#.#########...~~~~~~....
#~..P..#~~#~...~~~~~~...
#~~~.P~#~~#~.~..~~~~~...
#~~~...#.###'#~P~~~~~~.#
#.~P~.D#~..~.#.P.~~~~~.P
#.~PP~.@~~..~#~.PP~~~~P#
##################~~~~##
######


You could see a seven-headed hydra.

Vanquished Creatures
  2 boulder beetles (Lair:1)
  3 black mambas (Lair:1)
  4 cane toads (Lair:1)
  3 komodo dragons (Lair:1)
  A troll (D:8)
  A hornet (D:9)
  Grinder (D:6)
  5 slime creatures (D:10)
  A shadow (D:10)
  A vampire (D:10)
  4 wyverns
  9 yaks
  A steam dragon (D:6)
  An acid dragon (D:9)
  6 water moccasins
  A hornet zombie (D:8)
  An orc warrior (D:8)
  An ice beast (D:7)
  An ogre (D:6)
  3 wolves (Lair:1)
  3 centaurs
  2 phantoms
  A kobold brigand (D:6)
  9 bullfrogs
  A gnoll sergeant (D:7)
  2 wyvern zombies (D:8)
  4 scorpions
  13 wights
  9 killer bees
  2 electric eels (D:10)
  5 hounds
  2 centaur zombies (D:8)
  A gnoll bouda (D:7)
  3 jellies
  3 orc priests (D:8)
  An iguana (D:5)
  3 sleepcaps
  An orc wizard (D:7)
  A killer bee zombie (D:8)
  Robin (D:4)
  2 howler monkey zombies (D:8)
  7 gnolls
  7 adders
  A shadow imp (D:5)
  A white imp (D:8)
  An ufetubus (D:7)
  2 worms
  2 dart slugs (D:5)
  16 orcs
  11 bats
  13 endoplasms
  4 giant cockroaches
  27 goblins
  4 hobgoblins
  3 jackals
  3 quokkas
  13 ball pythons
  8 frilled lizards
  12 kobolds
  4 rats
258 creatures vanquished.

Vanquished Creatures (others)
  A kobold (D:6)
  2 spectral weapons (Lair:1)
3 creatures vanquished.

Grand Total: 261 creatures vanquished

Notes
Turn   | Place    | Note
-------+----------+-------------------------------------------
     0 | D:1      | qw the Gargoyle Fighter began the quest for the Orb.
     0 | D:1      | Reached XP level 1. HP: 14/14 MP: 1/1
     0 | D:1      | 0 ||| qw: Version: 0.3-a-35-g05ef00e
     0 | D:1      | 0 ||| qw: Game counter: 7846
     0 | D:1      | 0 ||| qw: Melee chars always use a shield: true
     0 | D:1      | 0 ||| qw: God list: Okawaru
     0 | D:1      | 0 ||| qw: Allow faded altars: false
     0 | D:1      | 0 ||| qw: Do Orc after clearing Dungeon:15 true
     0 | D:1      | 0 ||| qw: Do second Lair branch before Depths: true
     0 | D:1      | 0 ||| qw: Lair rune preference: random
     0 | D:1      | 0 ||| qw: Goals: Normal, Zot:1-4, Slime:5, God:TSO, Crypt,
                  | Tomb, Abyss, Pan, Hells, Win
     0 | D:1      | 0 ||| PLANNING D:1-11
    35 | D:1      | Reached skill level 2 in Axes
   116 | D:1      | Reached XP level 2. HP: 19/19 MP: 2/2
   145 | D:1      | 145 ||| Stepping ~*~*~tactically~*~*~ (hiding).
   193 | D:1      | 193 ||| DROPPING +0 club.
   359 | D:1      | Reached skill level 3 in Axes
   454 | D:1      | Reached XP level 3. HP: 15/23 MP: 3/3
   507 | D:1      | 507 ||| Stepping ~*~*~tactically~*~*~ (hiding).
   512 | D:1      | Found Weru's Assorted Antiques.
   655 | D:1      | 655 ||| BUYING fizzy emerald potion (17 gold).
   655 | D:1      | Bought a fizzy emerald potion for 17 gold pieces
   655 | D:1      | 655 ||| SHOPLISTING glowing chain mail (142 gold, have 15).
   655 | D:1      | 655 ||| SHOPLISTING pink potion (17 gold, have 15).
   655 | D:1      | 655 ||| SHOPLISTING scroll labelled GUEKOEJIM PAYC (19
                  | gold, have 15).
   655 | D:1      | 655 ||| SHOPLISTING scroll labelled WETWEO EK HIDE (19
                  | gold, have 15).
   807 | D:1      | 807 ||| UPGRADING to ring of positive energy.
   808 | D:1      | 808 ||| READING scroll labelled FATOZODOON.
   809 | D:1      | 809 ||| READING scroll labelled SOITSI ACYDEDERCH.
   810 | D:1      | 810 ||| READING scroll labelled MUMUCY JOERGH.
   813 | D:1      | 813 ||| READING scroll labelled NOUGHEJAFOVU.
   814 | D:1      | 814 ||| READING scroll labelled GUEKOEJIM PAYC.
   846 | D:2      | You fall into a shaft and drop 1 floor!
   908 | D:2      | Found a shimmering altar of Xom.
  1062 | D:2      | Reached XP level 4. HP: 27/28 MP: 4/4
  1416 | D:2      | 1416 ||| READING scroll labelled EMAYCW KOSUOL.
  1417 | D:2      | 1417 ||| DRINKING 2 fizzy emerald potions.
  1453 | D:3      | 1453 ||| Stepping ~*~*~tactically~*~*~ (stealth).
  1454 | D:3      | 1454 ||| Stepping ~*~*~tactically~*~*~ (stealth).
  1530 | D:3      | Noticed a phantom
  1538 | D:3      | Killed a phantom
  1539 | D:3      | Reached skill level 4 in Axes
  1539 | D:3      | Reached XP level 5. HP: 29/32 MP: 5/5
  1603 | D:3      | 1603 ||| Stepping ~*~*~tactically~*~*~ (stealth).
  1707 | D:3      | Reached skill level 5 in Axes
  1714 | D:3      | 1714 ||| READING 2 scrolls labelled PYRRUN XIRUI.
  1716 | D:3      | HP: 8/33 [gnoll/+0 halberd (3)]
  1717 | D:3      | 1717 ||| READING 3 scrolls of teleportation.
  1826 | D:3      | Found Pir Ekif's Antique Weapon Boutique.
  1839 | D:3      | 1839 ||| SHOPLISTING glowing whip (121 gold, have 81).
  1839 | D:3      | 1839 ||| BUYING mace (66 gold).
  1839 | D:3      | Bought a mace for 66 gold pieces
  1839 | D:3      | 1839 ||| SHOPLISTING morningstar (88 gold, have 15).
  1839 | D:3      | 1839 ||| SHOPLISTING runed flail (143 gold, have 15).
  1839 | D:3      | 1839 ||| SHOPLISTING translucent mace (176 gold, have 15).
  1839 | D:3      | 1839 ||| DROPPING +0 whip.
  1906 | D:3      | Reached XP level 6. HP: 38/38 MP: 6/6
  1961 | D:3      | 1961 ||| Stepping ~*~*~tactically~*~*~ (stealth).
  2046 | D:3      | Found a runed translucent door.
  2180 | D:3      | Noticed qw's ghost (amateur MiHs)
  2181 | D:3      | 2181 ||| UPGRADING to ring of protection from fire.
  2182 | D:3      | 2182 ||| READING scroll labelled NICSYAZUNNOT.
  2208 | D:4      | 2208 ||| PLANNING SEWER
  2232 | D:4      | Reached skill level 1 in Dodging
  2491 | D:4      | 2491 ||| DRINKING 2 fuming yellow potions.
  2522 | D:4      | 2522 ||| READING scroll labelled ENLOKKI SILAI.
  2523 | D:4      | 2523 ||| DROPPING potion of brilliance.
  2615 | D:4      | Found a glowing drain.
  2624 | D:4      | Reached skill level 1 in Throwing
  2628 | D:4      | 2628 ||| Stepping ~*~*~tactically~*~*~ (water).
  2632 | D:4      | 2632 ||| Stepping ~*~*~tactically~*~*~ (water).
  2638 | Sewer    | Entered a sewer
  2664 | Sewer    | Noticed a water moccasin
  2675 | Sewer    | Killed a water moccasin
  2676 | Sewer    | Reached skill level 6 in Axes
  2676 | Sewer    | Reached XP level 7. HP: 36/43 MP: 7/7
  2735 | Sewer    | 2735 ||| READING 2 scrolls of identify.
  2735 | Sewer    | 2735 ||| IDENTIFYING emerald potion
  2744 | D:4      | 2744 ||| PLANNING D:1-11
  2746 | D:4      | 2746 ||| Stepping ~*~*~tactically~*~*~ (stealth).
  2748 | D:4      | Noticed Robin
  2754 | D:4      | Killed Robin
  2789 | D:4      | 2789 ||| Stepping ~*~*~tactically~*~*~ (stealth).
  2790 | D:4      | 2790 ||| Stepping ~*~*~tactically~*~*~ (stealth).
  2791 | D:4      | 2791 ||| Stepping ~*~*~tactically~*~*~ (stealth).
  3374 | D:4      | 3374 ||| READING 2 scrolls of identify.
  3374 | D:4      | 3374 ||| IDENTIFYING fuming inky potion
  3375 | D:4      | 3375 ||| DROPPING potion of degeneration.
  3406 | D:5      | Entered Level 5 of the Dungeon
  3442 | D:5      | 3442 ||| FLEEEEING.
  3499 | D:5      | 3499 ||| Stepping ~*~*~tactically~*~*~ (hiding).
  3564 | D:5      | Found a shadowy altar of Dithmenos.
  3671 | D:5      | 3671 ||| Stepping ~*~*~tactically~*~*~ (hiding).
  3809 | D:5      | Found a radiant altar of Vehumet.
  3829 | D:5      | 3829 ||| DROPPING +0 mace.
  4209 | D:5      | 4209 ||| UPGRADING to +0 chain mail of fire resistance.
  4219 | D:5      | 4219 ||| DROPPING +0 scale mail.
  4268 | D:6      | Reached skill level 7 in Axes
  4341 | D:6      | Found a staircase to the Ecumenical Temple.
  4342 | D:6      | 4342 ||| PLANNING TEMPLE
  4342 | D:6      | 4342 ||| READING 3 scrolls of identify.
  4342 | D:6      | 4342 ||| IDENTIFYING metallic emerald potion
  4343 | D:6      | 4343 ||| READING 2 scrolls of identify.
  4343 | D:6      | 4343 ||| IDENTIFYING fizzy blue potion
  4344 | D:6      | 4344 ||| DROPPING potion of berserk rage.
  4345 | D:6      | Noticed a steam dragon
  4346 | D:6      | 4346 ||| Stepping ~*~*~tactically~*~*~ (stealth).
  4348 | D:6      | 4348 ||| Stepping ~*~*~tactically~*~*~ (stealth).
  4350 | D:6      | 4350 ||| Stepping ~*~*~tactically~*~*~ (hiding).
  4352 | D:6      | 4352 ||| Stepping ~*~*~tactically~*~*~ (stealth).
  4352 | D:6      | Noticed Grinder
  4359 | D:6      | Killed a steam dragon
  4360 | D:6      | Reached XP level 8. HP: 30/49 MP: 8/8
  4365 | D:6      | Killed Grinder
  4366 | D:6      | Reached skill level 3 in Throwing
  4367 | D:6      | HP: 10/49 [kobold brigand/+0 dagger (7)]
  4368 | D:6      | 4368 ||| READING 2 scrolls of teleportation.
  4505 | D:6      | 4505 ||| Stepping randomly (stuck).
  4506 | D:6      | 4506 ||| Stepping randomly (stuck).
  4507 | D:6      | 4507 ||| Stepping randomly (stuck).
  4508 | D:6      | 4508 ||| Stepping randomly (stuck).
  4509 | D:6      | 4509 ||| Stepping randomly (stuck).
  4510 | D:6      | 4510 ||| Stepping randomly (stuck).
  4511 | D:6      | 4511 ||| Stepping randomly (stuck).
  4512 | D:6      | 4512 ||| Stepping randomly (stuck).
  4513 | D:6      | 4513 ||| Stepping randomly (stuck).
  4514 | D:6      | 4514 ||| Stepping randomly (stuck).
  4515 | D:6      | 4515 ||| Stepping randomly (stuck).
  4516 | D:6      | 4516 ||| Stepping randomly (stuck).
  4517 | D:6      | 4517 ||| Stepping randomly (stuck).
  4518 | D:6      | 4518 ||| Stepping randomly (stuck).
  4519 | D:6      | 4519 ||| Stepping randomly (stuck).
  4521 | D:6      | 4521 ||| Stepping randomly (stuck).
  4522 | D:6      | 4522 ||| Stepping randomly (stuck).
  4523 | D:6      | 4523 ||| Stepping randomly (stuck).
  4534 | Temple   | Entered the Ecumenical Temple
  4682 | Temple   | 4682 ||| PLANNING D:1-11
  4804 | D:6      | Reached skill level 8 in Axes
  5114 | D:6      | Reached skill level 6 in Fighting
  5206 | D:6      | 5206 ||| READING 3 scrolls labelled WETWEO EK HIDE.
  5207 | D:6      | 5207 ||| READING scroll labelled GIUDECS NEUTE.
  5208 | D:6      | 5208 ||| DRINKING 2 sedimented amethyst potions.
  5209 | D:6      | 5209 ||| DROPPING 2 scrolls of fear.
  5249 | D:7      | 5249 ||| Stepping ~*~*~tactically~*~*~ (hiding).
  5262 | D:7      | 5262 ||| Stepping ~*~*~tactically~*~*~ (hiding).
  5306 | D:7      | 5306 ||| Stepping ~*~*~tactically~*~*~ (stealth).
  5309 | D:7      | 5309 ||| Stepping ~*~*~tactically~*~*~ (hiding).
  5310 | D:7      | 5310 ||| Stepping ~*~*~tactically~*~*~ (hiding).
  5316 | D:7      | Reached XP level 9. HP: 51/55 MP: 9/9
  5371 | D:7      | 5371 ||| Stepping ~*~*~tactically~*~*~ (stealth).
  5381 | D:7      | 5381 ||| Stepping ~*~*~tactically~*~*~ (stealth).
  5385 | D:7      | 5385 ||| UPGRADING to +0 kite shield.
  5513 | D:7      | Reached skill level 9 in Axes
  5561 | D:7      | 5561 ||| Stepping ~*~*~tactically~*~*~ (stealth).
  5563 | D:7      | 5563 ||| Stepping ~*~*~tactically~*~*~ (stealth).
  5749 | D:7      | 5749 ||| Stepping ~*~*~tactically~*~*~ (stealth).
  6079 | D:7      | Found a shimmering altar of Xom.
  6092 | D:7      | 6092 ||| READING scroll labelled MATOQI XU JATU.
  6093 | D:7      | 6093 ||| READING scroll labelled VORYNUNIEK.
  6127 | D:7      | 6127 ||| READING scroll labelled CEABRE KEATZ.
  6128 | D:7      | 6128 ||| READING scroll labelled LOTERARUOSHOS.
  6129 | D:7      | 6129 ||| READING 2 scrolls of identify.
  6129 | D:7      | 6129 ||| IDENTIFYING fuming pink potion
  6202 | D:8      | 6202 ||| Stepping ~*~*~tactically~*~*~ (hiding).
  6203 | D:8      | 6203 ||| Stepping ~*~*~tactically~*~*~ (hiding).
  6290 | D:8      | 6290 ||| Stepping ~*~*~tactically~*~*~ (stealth).
  6293 | D:8      | 6293 ||| Stepping ~*~*~tactically~*~*~ (hiding).
  6392 | D:8      | 6392 ||| Stepping ~*~*~tactically~*~*~ (hiding).
  6399 | D:8      | 6399 ||| Stepping ~*~*~tactically~*~*~ (hiding).
  6401 | D:8      | 6401 ||| Stepping ~*~*~tactically~*~*~ (hiding).
  6406 | D:8      | Reached skill level 10 in Axes
  6418 | D:8      | 6418 ||| FLEEEEING.
  6419 | D:8      | 6419 ||| FLEEEEING.
  6421 | D:8      | 6421 ||| FLEEEEING.
  6424 | D:8      | 6424 ||| FLEEEEING.
  6425 | D:8      | 6425 ||| FLEEEEING.
  6429 | D:8      | 6429 ||| FLEEEEING.
  6432 | D:8      | 6432 ||| FLEEEEING.
  6433 | D:8      | 6433 ||| FLEEEEING.
  6434 | D:8      | 6434 ||| FLEEEEING.
  6435 | D:8      | 6435 ||| FLEEEEING.
  6436 | D:8      | 6436 ||| FLEEEEING.
  6437 | D:8      | 6437 ||| FLEEEEING.
  6438 | D:8      | 6438 ||| FLEEEEING.
  6439 | D:8      | 6439 ||| FLEEEEING.
  6440 | D:8      | 6440 ||| FLEEEEING.
  6447 | D:8      | 6447 ||| STAIRDANCE
  6620 | D:8      | 6620 ||| Stepping ~*~*~tactically~*~*~ (stealth).
  6633 | D:8      | Reached XP level 10. HP: 64/64 MP: 10/10
  6697 | D:8      | 6697 ||| Stepping ~*~*~tactically~*~*~ (stealth).
  6698 | D:8      | 6698 ||| Stepping ~*~*~tactically~*~*~ (stealth).
  6702 | D:8      | 6702 ||| Stepping ~*~*~tactically~*~*~ (stealth).
  6807 | D:8      | Found a staircase to the Lair.
  7036 | D:8      | 7036 ||| READING 2 scrolls of identify.
  7036 | D:8      | 7036 ||| IDENTIFYING fizzy golden potion
  7037 | D:8      | 7037 ||| DROPPING potion of ambrosia.
  7078 | D:9      | Reached skill level 11 in Axes
  7510 | D:9      | HP: 16/65 [acid dragon/splash of acid (33)]
  7511 | D:9      | 7511 ||| READING scroll of teleportation.
  7830 | D:9      | 7830 ||| DROPPING +0 ring mail of cold resistance.
  7831 | D:9      | 7831 ||| UPGRADING to +0 plate armour.
  7868 | D:10     | Entered Level 10 of the Dungeon
  7871 | D:10     | 7871 ||| Stepping ~*~*~tactically~*~*~ (stealth).
  7883 | D:10     | 7883 ||| FLEEEEING.
  7888 | D:10     | 7888 ||| STAIRDANCE
  8084 | D:10     | Found an iron altar of Okawaru.
  8085 | D:10     | 8085 ||| PLANNING OKAWARU WORSHIP
  8085 | D:10     | 8085 ||| UPGRADING to ring of protection from fire.
  8088 | D:10     | Found a burning altar of Makhleb.
  8091 | D:10     | Found a glowing silver altar of Zin.
  8094 | D:10     | Became a worshipper of Warmaster Okawaru
  8095 | D:10     | 8095 ||| PLANNING D:1-11
  8154 | D:10     | Reached skill level 6 in Armour
  8268 | D:10     | 8268 ||| FLEEEEING.
  8269 | D:10     | 8269 ||| FLEEEEING.
  8270 | D:10     | 8270 ||| FLEEEEING.
  8339 | D:10     | Reached skill level 9 in Fighting
  8450 | D:10     | 8450 ||| Stepping ~*~*~tactically~*~*~ (stealth).
  8451 | D:10     | 8451 ||| Stepping ~*~*~tactically~*~*~ (stealth).
  8461 | D:10     | Reached * piety under Okawaru
  8464 | D:10     | Reached skill level 1 in Invocations
  8511 | D:10     | Found a flagged portal.
  8549 | D:10     | 8549 ||| INVOKING Heroism.
  8821 | D:10     | 8821 ||| PLANNING LAIR
  8821 | D:10     | 8821 ||| DROPPING ring of fire.
  8822 | D:10     | 8822 ||| READING scroll labelled NITOHEX ECHIS.
  8900 | Lair:1   | Entered Level 1 of the Lair of Beasts
  8903 | Lair:1   | Noticed a cane toad
  8904 | Lair:1   | 8904 ||| INVOKING Heroism.
  8910 | Lair:1   | Killed a cane toad
  8911 | Lair:1   | Reached XP level 11. HP: 65/71 MP: 9/13
  8951 | Lair:1   | 8951 ||| INVOKING Heroism.
  8952 | Lair:1   | 8952 ||| Stepping ~*~*~tactically~*~*~ (stealth).
  8958 | Lair:1   | Reached skill level 3 in Invocations
  9001 | Lair:1   | 9001 ||| INVOKING Heroism.
  9160 | Lair:1   | Reached skill level 12 in Axes
  9216 | Lair:1   | 9216 ||| INVOKING Heroism.
  9227 | Lair:1   | Reached ** piety under Okawaru
  9234 | Lair:1   | 9234 ||| INVOKING Heroism.
  9243 | Lair:1   | 9243 ||| FLEEEEING.
  9244 | Lair:1   | 9244 ||| FLEEEEING.
  9245 | Lair:1   | 9245 ||| FLEEEEING.
  9246 | Lair:1   | 9246 ||| FLEEEEING.
  9247 | Lair:1   | 9247 ||| FLEEEEING.
  9248 | Lair:1   | 9248 ||| FLEEEEING.
  9249 | Lair:1   | 9249 ||| FLEEEEING.
  9250 | Lair:1   | 9250 ||| FLEEEEING.
  9251 | Lair:1   | 9251 ||| FLEEEEING.
  9252 | Lair:1   | 9252 ||| FLEEEEING.
  9253 | Lair:1   | 9253 ||| FLEEEEING.
  9254 | Lair:1   | 9254 ||| FLEEEEING.
  9256 | Lair:1   | 9256 ||| FLEEEEING.
  9257 | Lair:1   | 9257 ||| FLEEEEING.
  9258 | Lair:1   | 9258 ||| FLEEEEING.
  9259 | Lair:1   | 9259 ||| FLEEEEING.
  9260 | Lair:1   | 9260 ||| FLEEEEING.
  9261 | Lair:1   | 9261 ||| FLEEEEING.
  9263 | Lair:1   | 9263 ||| FLEEEEING.
  9264 | Lair:1   | 9264 ||| FLEEEEING.
  9265 | Lair:1   | 9265 ||| FLEEEEING.
  9266 | Lair:1   | 9266 ||| FLEEEEING.
  9267 | Lair:1   | 9267 ||| FLEEEEING.
  9268 | Lair:1   | 9268 ||| FLEEEEING.
  9269 | Lair:1   | 9269 ||| INVOKING Heroism.
  9411 | Lair:1   | 9411 ||| INVOKING Heroism.
  9527 | Lair:1   | Noticed a boulder beetle
  9528 | Lair:1   | 9528 ||| INVOKING Heroism.
  9537 | Lair:1   | Killed a boulder beetle
  9587 | Lair:1   | 9587 ||| INVOKING Heroism.
  9609 | Lair:1   | Noticed a boulder beetle
  9611 | Lair:1   | 9611 ||| INVOKING Heroism.
  9632 | Lair:1   | 9632 ||| INVOKING Heroism.
  9635 | Lair:1   | Killed a boulder beetle
  9944 | Lair:1   | 9944 ||| INVOKING Heroism.
  9963 | Lair:1   | 9963 ||| INVOKING Heroism.
  9974 | Lair:1   | Reached skill level 13 in Axes
  9982 | Lair:1   | 9982 ||| INVOKING Heroism.
 10016 | Lair:1   | 10016 ||| INVOKING Heroism.
 10038 | Lair:1   | Noticed a seven-headed hydra
 10039 | Lair:1   | 10039 ||| INVOKING Heroism.
 10040 | Lair:1   | 10040 ||| SWAPPING to +0 flail.
 10041 | Lair:1   | HP: 17/72 [seven-headed hydra (10)]
 10043 | Lair:1   | HP: 5/72 [seven-headed hydra (11)]
 10044 | Lair:1   | Mangled by a seven-headed hydra

Levels and vault maps discovered:
D:1:      minmay_arrival_five_plusses, layout_rooms, serial_bayou,
          serial_bayou_pond_b, serial_bayou_ford_a, serial_bayou_crossing,
          serial_bayou_shore_b, serial_shops, nicolae_shop_overgrown_old_shop
D:2:      layout_loops_ring, basic_altar
D:3:      layout_basic, serial_shops, shop, ebering_ghost_sewer_d,
          amcnicky_mini_pool_small, amcnicky_mini_rare_corridor_liquid,
          cheibrodos_gnoll_hut
D:4:      minmay_polygon_palace, layout_loops_ring,
          cheibrodos_sewer_entry_drain, serial_rivers,
          chequers_serial_rivers_room_b, chequers_serial_rivers_room_a,
          chequers_serial_rivers_small_3, chequers_serial_rivers_room_b,
          chequers_serial_rivers_small_b, chequers_serial_rivers_large_b,
          grunt_ministairs_14, uniq_robin
D:5:      layout_loops_ring, mainiacjoe_overflow_chevrons,
          nicolae_dithmenos_the_darkroom, hangedman_abyss_or_decor_stagger,
          small_statue_intersection, eino_curves_04
D:6:      layout_basic, minmay_temple_entry_ruins,
          nicolae_concentric_dashed_squares_mild, uniq_grinder
D:7:      layout_rooms, tgw_xom, kennysheep_generic_room_2
D:8:      layout_cave_pools, grunt_lair_entry_orc_guard_hut, serial_undead,
          serial_undead_d, serial_undead_e, serial_undead_a, serial_undead_c
D:9:      layout_big_octagon
D:10:     layout_gridville, grunt_temple_overflow_open, enter_bailey_3,
          dpeg_stationary_puzzle
Temple:   nicolae_temple_elliptical
Lair:1:   cheibrodos_lair_river_kwai, layout_chaotic_city, basic_altar,
          minivault_23, beast_lair_carwin_3, grunt_megastairs_4,
          serial_bayou_shore_a, serial_bayou_shore_b, lemuel_fruit_fields

Skill      XL: |  1  2  3  4  5  6  7  8  9 10 11 |
---------------+----------------------------------+-----
Axes           | 2 3 4 5 6 7 8 10 11 13 | 13.0
Fighting       | 4 5 6 8 9 10 | 10.2
Dodging        | 1 2 |  2.0
Throwing       | 1 3 |  3.6
Armour         | 4 7 |  7.4
Invocations    | 2 4 |  4.0
Shields        | |  3.2

Action                     |  1- 3 |  4- 6 |  7- 9 | 10-12 || total
---------------------------+-------+-------+-------+-------++-------
  Melee: War axe           |    82 |    77 |   196 |   199 ||   554
         Punch             |       |       |     3 |     3 ||     6
         Flail             |       |       |       |     4 ||     4
  Throw: Boomerang         |    24 |    57 |    29 |    59 ||   169
         Javelin           |       |    14 |    38 |    24 ||    76
 Invoke: Heroism           |       |       |       |    17 ||    17
    Use: Scroll            |     5 |     5 |    12 |     3 ||    25
         Potion            |       |     2 |     1 |       ||     3
   Stab: Distracted        |       |       |       |     5 ||     5
 Armour: Scale mail        |    39 |    43 |    12 |       ||    94
         Chain mail        |       |       |    78 |    30 ||   108
         Plate armour      |       |       |       |    71 ||    71
  Dodge: Dodged            |    34 |    41 |    92 |    63 ||   230
  Block: Buckler           |    14 |     8 |     9 |       ||    31

Table legend:
 A = Non-vault XP
 B = Vault XP
 C = Vault XP percentage of total XP
 D = Non-vault monster count
 E = Vault monster count
 F = Vault count percentage of total count
                 A         B        C        D         E       F
            +---------+---------+-------+---------+---------+-------
      Total |   11228 |    6573 |  36.9 |     168 |      90 |  34.9
            +---------+---------+-------+---------+---------+-------
        D:1 |      30 |      11 |  26.8 |      20 |       6 |  23.1
        D:2 |      50 |       0 |   0.0 |      14 |       0 |   0.0
        D:3 |     139 |     103 |  42.6 |      19 |       3 |  13.6
        D:4 |      88 |     177 |  66.8 |      14 |      28 |  66.7
        D:5 |     257 |       0 |   0.0 |      11 |       0 |   0.0
        D:6 |     927 |     272 |  22.7 |      16 |       1 |   5.9
        D:7 |     705 |     578 |  45.1 |      18 |       9 |  33.3
        D:8 |     550 |    1485 |  73.0 |      13 |      19 |  59.4
        D:9 |    1435 |       0 |   0.0 |      13 |       0 |   0.0
       D:10 |    1887 |     114 |   5.7 |      12 |       6 |  33.3
     Lair:1 |    5160 |    3681 |  41.6 |      18 |      14 |  43.8
      Sewer |       0 |     152 | 100.0 |       0 |       4 | 100.0
            +---------+---------+-------+---------+---------+-------
